[Event "*** Titled Tuesday Blitz"]
[Site "Chess.com"]
[Date "2021.04.06"]
[Round "10"]
[White "Horizonevent"]
[Black "klimkoj"]
[Result "0-1"]
[WhiteElo "2492"]
[BlackElo "2609"]
[TimeControl "180+1"]
[EndTime "11:55:34 PDT"]
[Termination "klimkoj won on time"]

1. d4 Nf6 2. c4 e6 3. Nc3 Bb4 4. e3 b6 5. Ne2 Bb7 6. a3 Be7 7.
Ng3 d6 8. f3 O-O 9. Bd3 e5 10.
O-O a5 11. Qc2 g6 12. Bd2 Nfd7 13. f4 exd4 14. exd4 f5 15. Rae1 Bf6 16. d5 Nc5 17. Be2 a4 18. Be3 Nbd7 19. Nb5 Nb3 20. Bd1 Ndc5 21.
Qe2 Qd7 22. Bxb3 Nxb3 23. Qf2 Rae8 24. Bd4 Bh4 25. Bc3 Ba6 26. Nd4 Bxc4 27. Rxe8 Qxe8 28. Re1 Qf7 29. Nxb3 Bxb3 30. Re6 h6 31. Qd4 Kh7 32. Nxf5 gxf5 33. Qd3 c6 34. g3 Bxd5 35. Rxd6 Be7 36. Rd7 Qe6 37. Ra7 Rf7 38. Kf1 Bc4 0-1

[Event "*** Titled Tuesday Blitz"]
[Site "Chess.com"]
[Date "2021.04.06"]
[Round "10"]
[White "TioCridineno"]
[Black "ApoIogiA"]
[Result "1-0"]
[WhiteElo "2275"]
[BlackElo "2168"]
[TimeControl "180+1"]
[EndTime "11:55:34 PDT"]
[Termination "TioCridineno won on time"]

1. e4 c5 2. Nf3 d6 3. d4 cxd4 4.
Nxd4 Nf6 5. Nc3 a6 6. Bg5 e6 7. f4 Nbd7 8. Qf3 Qc7 9. O-O-O b5 10. Bd3 Bb7 11. Rhe1 Qb6 12. Nb3 Be7 13. Bh4 O-O 14. Bf2 Qc7 15. g4 b4 16. Ne2 g5 17. fxg5 Ne5 18.
Qg2 Nfxg4 19. h4 a5 20. Kb1 a4 21. Nbd4 Nxf2 22. Qxf2 Rfc8 23. Rc1 Qb6 24. Qg3 Bf8 25. Nf3 Bg7 26. Nf4 Nxf3 27. Qxf3 a3 28. Nh5 axb2 29. Rcd1 Qa5 30. Bc4 Rxc4 31. Qb3 Rc3 32. Qxb2 Be5 33. Nf6+ Kf8 34. Nd7+ Ke7 35. Nxe5 dxe5 36. Re2 Rac8 37. Red2 R8c7 38. h5 Qc5 39. g6 hxg6 40. hxg6 fxg6 41. Rh1 Bxe4 42. Rh7+ Kf6 43. Rxc7 Qxc7 44. Qc1 Bf5 45. Rg2 b3 46. Qg5+ Kf7 47. Rh2 bxa2+ 48. Ka1 1-0

[Event "*** Titled Tuesday Blitz"]
[Site "Chess.com"]
[Date "2021.04.06"]
[Round "10"]
[White "eldur16"]
[Black "DenLaz"]
[Result "0-1"]
[WhiteElo "2602"]
[BlackElo "2840"]
[TimeControl "180+1"]
[EndTime "11:55:35 PDT"]
[Termination "DenLaz won by resignation"]

1. Nf3 d5 2. g3 g6 3. Bg2 Bg7 4. O-O e5 5. d3 Ne7 6. c4 dxc4 7. Qa4+ Nbc6 8. Qxc4 O-O 9. a3 Be6 10. Qc2 h6 11.
Nbd2 a5 12. Rb1 g5 13. h3 Ng6 14. b4 axb4 15. axb4 Ra2 16. Qd1 Bd5 17. b5 Nce7 18.
Bb2 Bxf3 19. Bxf3 Rxb2 20. Rxb2 e4 21. Rc2 exf3 22. Nxf3 Qd7 23. Kg2 Nd5 24. Qd2 Ndf4+ 25.
gxf4 Nxf4+ 26. Kg1 Qxh3 27. Ne1 Be5 28. f3 Qg3+ 29.
Kh1 Ng2 30. f4 Qh3+ 31. Kg1 Bd4+ 32. Rf2 Nxf4 33. e3 Bxe3 34. Qd1 Re8 35. Qf3 Bxf2+ 36. Kxf2 Qh2+ 37. Kf1 Rxe1+ 0-1

[Event "*** Titled Tuesday Blitz"]
[Site "Chess.com"]
[Date "2021.04.06"]
[Round "10"]
[White "KacperPolOK"]
[Black "korbul"]
[Result "0-1"]
[WhiteElo "2412"]
[BlackElo "2546"]
[TimeControl "180+1"]
[EndTime "11:55:35 PDT"]
[Termination "korbul won by resignation"]

1. e4 c5 2. Nc3 e6 3. g3 a6 4. Bg2 b5 5. Nf3 Bb7 6. d3 d6 7. O-O Nc6 8. Be3 Nf6 9. h3 Be7 10. Kh2 Qc7 11. Qd2 h6 12. Rad1 g5 13. Ne2 g4 14. Nh4 O-O-O 15. d4 cxd4 16. Nxd4 Kb8 17. f3 gxf3 18. Bxf3 Ne5 19. Bg2 Nc4 20. Qc1 Nxe3 21. Qxe3 Rdf8 22. b3 Nd7 23. c4 Bxh4 24. gxh4 d5+ 25.
Kh1 e5 26. Nf5 d4 27. Qd3 Nc5 28. Qe2 b4 29. a3 a5 30. axb4 axb4 31. Ra1 Rhg8 32.
Nxh6 Rxg2 33. Kxg2 Bxe4+ 34. Kh2 Bd3 35. Qg2 e4+ 36.
Kh1 Bxf1 37. Qxf1 f5 38. Nxf5 Qe5 39. Qe1 Nd3 40. Ra8+ Kxa8 41. Qa1+ Kb7 0-1

[Event "*** Titled Tuesday Blitz"]
[Site "Chess.com"]
[Date "2021.04.06"]
[Round "10"]
[White "Pantata007"]
[Black "Manukyan_Artak"]
[Result "0-1"]
[WhiteElo "2249"]
[BlackElo "2426"]
[TimeControl "180+1"]
[EndTime "11:55:35 PDT"]
[Termination "Manukyan_Artak won by checkmate"]

1. d4 Nf6 2. c4 g6 3. Nc3 Bg7 4. e4 d6 5. Be2 O-O 6. Bg5 c5 7. d5 Qa5 8. Bd2 Qc7 9. Nf3 a6 10. h3 e5 11. O-O Nh5 12. Ne1 Nf4 13. Bxf4 exf4 14. Nd3 g5 15. Bg4 Nd7 16. Rc1 Ne5 17. Bxc8 Raxc8 18. b4 Nxd3 19. Qxd3 cxb4 20. Na4 Qa5 21.
Qb3 b5 22. cxb5 Qxb5 23. Nb2 Rc3 24. Rxc3 bxc3 25. Nc4 Qc5 26. e5 Bxe5 27. Nxe5 dxe5 28. Rc1 Rc8 29. d6 Qxd6 30. Rxc3 Rxc3 31. Qxc3 e4 32.
Qc8+ Kg7 33. Qf5 Qg6 34. Qe5+ Kh6 35. Kf1 Qe6 36. Qd4 e3 37. fxe3 fxe3 38. Ke2 Qxa2+ 39.
Kf3 Qf2+ 40. Kg4 f5# 0-1

[Event "*** Titled Tuesday Blitz"]
[Site "Chess.com"]
[Date "2021.04.06"]
[Round "10"]
[White "serena-maria"]
[Black "lukazz029"]
[Result "1-0"]
[WhiteElo "2346"]
[BlackElo "2135"]
[TimeControl "180+1"]
[EndTime "11:55:38 PDT"]
[Termination "serena-maria won by resignation"]

1. Nf3 c5 2. g3 g6 3. Bg2 Bg7 4. d4 cxd4 5. Nxd4 Nf6 6. O-O Nc6 7. Nb3 O-O 8. Nc3 d6 9. h3 Bd7 10. e4 a6 11. Nd5 Nxd5 12. exd5 Ne5 13. Nd4 Rc8 14.
Rb1 Nc4 15. b3 Nb6 16. c4 Qc7 17. Bb2 Be8 18. Bf3 Nd7 19. h4 Nc5 20. h5 b5 21. Nc6 Bxc6 22. dxc6 Bxb2 23. Rxb2 b4 24. Kg2 Ne6 25. Qd2 a5 26. Rh1 g5 27. h6 Kh8 28. Bd5 Rg8 29. Rbb1 Rg6 30. Rbe1 Kg8 31. Qd3 Nd8 32. Be4 Nxc6 33. Bxg6 fxg6 34. Qd5+ Kh8 35. Qxg5 Ne5 36. Rxe5 dxe5 37. Re1 Rf8 38. Qxe5+ Qxe5 39. Rxe5 Ra8 40. Rxe7 a4 41. Rb7 axb3 42. axb3 Kg8 43. Rxb4 g5 44. Rb7 Ra3 45. c5 Ra2 46. c6 1-0

[Event "*** Titled Tuesday Blitz"]
[Site "Chess.com"]
[Date "2021.04.06"]
[Round "10"]
[White "AttackSparrow"]
[Black "olksuna"]
[Result "0-1"]
[WhiteElo "2550"]
[BlackElo "2679"]
[TimeControl "180+1"]
[EndTime "11:55:39 PDT"]
[Termination "olksuna won by resignation"]

1. e4 c5 2. c3 Nf6 3. e5 Nd5 4.
d4 cxd4 5. Nf3 Nc6 6. cxd4 d6 7. Bc4 e6 8. O-O Be7 9. Bd2 O-O 10. Nc3 Nxc3 11.
Bxc3 dxe5 12. dxe5 a6 13. Qe2 b5 14. Bd3 Bb7 15.
Rfd1 Qb6 16. h4 Rfd8 17. h5 b4 18. Bd2 Nd4 19. Nxd4 Qxd4 20. Bg5 Bxg5 21. Bxh7+ Kxh7 22. Rxd4 Rxd4 23. Qc2+ Be4 24. Qc7 Kg8 25. Qb6 Rad8 26. Kh2 Bf4+ 27. g3 Bxe5 28. Re1 Bf6 29. Qxa6 R8d5 30.
Qc8+ Bd8 31. g4 Bf3 32. Re3 Bxg4 33. f3 Bxh5 34. Qc6 Bf6 35. Qc8+ Kh7 36. f4 Rxf4 37.
Kg3 Rg4+ 38. Kh3 Rdg5 39. a4 bxa3 40. bxa3 Rh4+ 41. Kxh4 Rc5+ 0-1

[Event "*** Titled Tuesday Blitz"]
[Site "Chess.com"]
[Date "2021.04.06"]
[Round "10"]
[White "Lion-Al-Messi"]
[Black "UCantHandleDenker"]
[Result "1-0"]
[WhiteElo "2508"]
[BlackElo "2581"]
[TimeControl "180+1"]
[EndTime "11:55:39 PDT"]
[Termination "Lion-Al-Messi won on time"]

1. d4 d6 2. Nf3 Nf6 3. Nc3 Nbd7 4. e4 e5 5. Bc4 Be7 6. O-O O-O 7. Bb3 c6 8. a4 b6 9. h3 a6 10. Be3 Rb8 11.
Qd2 b5 12. axb5 axb5 13. Rfd1 b4 14. Ne2 Nxe4 15. Qd3 Nef6 16. dxe5 dxe5 17. Ng3 Qc7 18. Ng5 Nc5 19. Bxc5 Bxc5 20. Nh5 e4 21. Nxf6+ gxf6 22. Nxe4 Be7 23. Qe3 Qe5 24. Ra7 Rb7 25. f4 Qh5 26. Rda1 Qb5 27. Qg3+ Kh8 28. Ra8 Qf5 29. Qf3 Rd7 30.
Ng3 Qc5+ 31. Kh2 Rd4 32. Bxf7 Bd6 33. Nh5 Qf5 34. R1a5 Qxc2 35. Qg3 Bxf4 36. Nxf4 1-0

[Event "*** Titled Tuesday Blitz"]
[Site "Chess.com"]
[Date "2021.04.06"]
[Round "10"]
[White "Slovak_fighter2000"]
[Black "PchelkinVK"]
[Result "1/2-1/2"]
[WhiteElo "2489"]
[BlackElo "2579"]
[TimeControl "180+1"]
[EndTime "11:55:40 PDT"]
[Termination "Game drawn by repetition"]

1. d4 Nc6 2. Nf3 d5 3. Bf4 Nf6 4. e3 Bf5 5. Bd3 e6 6. O-O Ne4 7. Nbd2 Be7 8. Ne5 Nxe5 9. Bxe5 O-O 10. Nxe4 Bxe4 11. Bxe4 dxe4 12. c4 f6 13. Bg3 Bd6 14. Bxd6 cxd6 15. Rc1 f5 16. c5 d5 17. c6 bxc6 18.
Rxc6 Qd7 19. Qc2 f4 20. Rc7 Qe8 21. Qc6 Qg6 22. Re7 Rae8 23. Rxe8 Rxe8 24. exf4 Rf8 25. Qd6 h5 26. Qe5 Rf5 27. Qb8+ Kh7 28. Rc1 Qg4 29. h3 Qe2 30. Rc8 Qe1+ 31. Kh2 Qxf2 32. Rh8+ Kg6 33. Qe8+ Rf7 34. Qxe6+ Rf6 35. Qe8+ Rf7 36.
Qe6+ Rf6 37. Qe8+ Rf7 38. Qe6+ 1/2-1/2

[Event "*** Titled Tuesday Blitz"]
[Site "Chess.com"]
[Date "2021.04.06"]
[Round "10"]
[White "babyking1205"]
[Black "Jumbo"]
[Result "1-0"]
[WhiteElo "2616"]
[BlackElo "2816"]
[TimeControl "180+1"]
[EndTime "11:55:41 PDT"]
[Termination "babyking1205 won by resignation"]

1. e4 g6 2. d4 Bg7 3. Nc3 d6 4. f4 c6 5. Nf3 d5 6. e5 Bg4 7.
Bd3 h5 8. h3 Bxf3 9. Qxf3 e6 10.
Ne2 h4 11. Be3 Nd7 12. g4 hxg3 13. Nxg3 c5 14. c3 cxd4 15. Bxd4 a6 16. O-O-O Qa5 17. Kb1 Rh4 18. f5 gxf5 19. Nxf5 exf5 20. Bxf5 Nh6 21. e6 fxe6 22. Bg6+ Ke7 23. Bxg7 Rg8 24. Qg3 Ra4 25. Bxh6 Rxa2 26. Bg5+ Nf6 27. Bxf6+ Kd7 28. Qg4 Ra4 29. Rxd5+ Qxd5 30. Qxa4+ b5 31. Qe4 1-0

[Event "*** Titled Tuesday Blitz"]
[Site "Chess.com"]
[Date "2021.04.06"]
[Round "10"]
[White "WPWPWP-2015"]
[Black "Kostukov_Alex"]
[Result "0-1"]
[WhiteElo "2421"]
[BlackElo "2318"]
[TimeControl "180+1"]
[EndTime "11:55:41 PDT"]
[Termination "Kostukov_Alex won by checkmate"]

1. e4 c5 2. Nc3 Nc6 3. Nf3 g6 4. Bb5 Nd4 5. O-O Bg7 6. Bc4 e6 7.
a4 Ne7 8. a5 d5 9. exd5 exd5 10.
Nxd4 cxd4 11. Bb5+ Nc6 12. Ne2 O-O 13. a6 Qb6 14.
axb7 Bxb7 15. Ba4 d3 16. cxd3 Ba6 17. Nf4 Nb4 18. Qf3 Qd4 19. Bb3 Bb7 20. Ra4 a5 21.
Qe3 Rfd8 22. Qxd4 Bxd4 23. Ne2 Bb6 24. d4 Ba6 25. Nc3 Bxf1 26. Kxf1 Re8 27. Ne2 Rac8 28.
Ra1 Nd3 29. Nc3 Re1# 0-1

[Event "*** Titled Tuesday Blitz"]
[Site "Chess.com"]
[Date "2021.04.06"]
[Round "10"]
[White "jonaszmb"]
[Black "ri4mi"]
[Result "1-0"]
[WhiteElo "2493"]
[BlackElo "2344"]
[TimeControl "180+1"]
[EndTime "11:55:43 PDT"]
[Termination "jonaszmb won on time"]

1. Nf3 d5 2. c4 c6 3. b3 e6 4. Bb2 f5 5. d3 Nf6 6. Nbd2 Be7 7. Qc2 O-O 8. e4 Nbd7 9. Be2 fxe4 10. dxe4 c5 11. exd5 exd5 12. cxd5 Nxd5 13. O-O Kh8 14. Rfd1 Nf4 15. Bf1 Qc7 16. Re1 Bf6 17. Rad1 Bxb2 18.
Qxb2 Nf6 19. Nc4 Bg4 20. Nce5 Rae8 21. Bb5 Rxe5 22. Qxe5 Qxe5 23. Rxe5 Nh3+ 24. Kf1 Bxf3 25. gxf3 h6 26. Rxc5 Nh7 27. Be2 Nf4 28. Rdc1 Nxe2 29.
Kxe2 Re8+ 30. Kf1 Ng5 31. Rc8 Rxc8 32. Rxc8+ Kh7 33. Kg2 Ne6 34. Rb8 b6 35. Ra8 a5 36.
Rb8 Nd4 37. Rxb6 Nc2 38. Ra6 Nb4 39. Rxa5 1-0

[Event "*** Titled Tuesday Blitz"]
[Site "Chess.com"]
[Date "2021.04.06"]
[Round "10"]
[White "annamaja"]
[Black "Trickster_Pony"]
[Result "1-0"]
[WhiteElo "2265"]
[BlackElo "1575"]
[TimeControl "180+1"]
[EndTime "11:55:43 PDT"]
[Termination "annamaja won on time"]

1. e4 c5 2. Nf3 g6 3. d4 cxd4 4. Nxd4 Bg7 5. Be3 Nc6 6. c4 Nf6 7. Nc3 d6 8. Be2 O-O 9. O-O Nxd4 10. Bxd4 Bd7 11. f4 Bc6 12. Bf3 a5 13. Be3 Nd7 14. Qd2 Nc5 15. Rab1 f5 16. exf5 Rxf5 17. g4 Rf8 18. Qg2 Bxf3 19. Qxf3 e5 20. Qd5+ Kh8 21. fxe5 Qh4 22. exd6 Qxg4+ 23. Qg2 Qh5 24. Nd5 Rfd8 25. Bxc5 b6 26. Bxb6 Rd7 27. Bc7 Re8 28. Rbe1 Bd4+ 29.
Kh1 Be5 30. Nf6 Bxf6 31. Rxe8+ Kg7 32. Rxf6 Qd1+ 33. Rf1 1-0

[Event "*** Titled Tuesday Blitz"]
[Site "Chess.com"]
[Date "2021.04.06"]
[Round "10"]
[White "StockholmMissile"]
[Black "XDPS"]
[Result "1-0"]
[WhiteElo "2607"]
[BlackElo "2725"]
[TimeControl "180+1"]
[EndTime "11:55:44 PDT"]
[Termination "StockholmMissile won on time"]

1. d4 d5 2. c4 e6 3. Nf3 a6 4.
Bg5 Be7 5. Bxe7 Qxe7 6. g3 dxc4 7. Bg2 b5 8. Ne5 Ra7 9. O-O f6 10. Ng4 c5 11. a4 cxd4 12. Qxd4 e5 13. Qb6 Qc7 14. Qxc7 Rxc7 15. Ne3 Ne7 16. axb5 axb5 17. Nc3 Bd7 18. Ra5 b4 19. Nb5 Bxb5 20. Rxb5 O-O 21. Rxb4 c3 22. bxc3 Rxc3 23. Nd5 Nxd5 24. Bxd5+ Kh8 25.
Rfb1 Nd7 26. Rb7 Nc5 27. Rb8 Nd7 28. Rxf8+ Nxf8 29. Rb8 1-0

[Event "*** Titled Tuesday Blitz"]
[Site "Chess.com"]
[Date "2021.04.06"]
[Round "10"]
[White "fastestmindalive"]
[Black "Goryachkina"]
[Result "1-0"]
[WhiteElo "2780"]
[BlackElo "2633"]
[TimeControl "180+1"]
[EndTime "11:55:45 PDT"]
[Termination "fastestmindalive won on time"]

1. e4 c5 2. Nc3 d6 3. f4 g6 4.
Nf3 Bg7 5. Bb5+ Bd7 6. a4 e6 7. O-O Ne7 8. d3 O-O 9. Qe1 Bxb5 10. axb5 Nd7 11. Qh4 a6 12. f5 exf5 13. Bh6 fxe4 14. Ng5 Bd4+ 15. Kh1 Nf5 16. Rxf5 gxf5 17. Bg7 Qxg5 18.
Qxg5 Bxg7 19. Qxf5 axb5 20. Rxa8 Rxa8 21. h3 exd3 22. cxd3 b4 23. Ne4 Ne5 24. Nxd6 Rd8 25. Nxb7 Rxd3 26. Qc8+ Bf8 27. Kh2 c4 28. Nc5 Rd1 29.
Ne6 Ng6 30. Nxf8 Nxf8 31. Qg4+ 1-0

[Event "*** Titled Tuesday Blitz"]
[Site "Chess.com"]
[Date "2021.04.06"]
[Round "10"]
[White "Vesper2018"]
[Black "ChainsOfFantasia"]
[Result "0-1"]
[WhiteElo "2532"]
[BlackElo "2434"]
[TimeControl "180+1"]
[EndTime "11:55:46 PDT"]
[Termination "ChainsOfFantasia won by resignation"]

1. e4 e6 2. d3 d5 3. Nd2 Nc6 4. Ngf3 Nf6 5. e5 Nd7 6. d4 f6 7.
Qe2 fxe5 8. dxe5 Be7 9. b3 O-O 10. Bb2 a5 11. h4 a4 12. O-O-O axb3 13. axb3 Nb4 14. c3 c5 15. cxb4 cxb4 16. Nd4 Nc5 17. Kc2 Bd7 18. Ra1 Rxa1 19. Bxa1 Qa5 20. Bb2 Qa2 21.
Qe3 Rc8 22. Bc4 dxc4 23. Nxc4 Nxb3 24. Qxb3 Rxc4+ 25. Kd3 Rxd4+ 0-1

[Event "*** Titled Tuesday Blitz"]
[Site "Chess.com"]
[Date "2021.04.06"]
[Round "10"]
[White "Andreikka"]
[Black "federicosellitti"]
[Result "1-0"]
[WhiteElo "2873"]
[BlackElo "2616"]
[TimeControl "180+1"]
[EndTime "11:55:47 PDT"]
[Termination "Andreikka won on time"]

1. d4 d5 2. Nc3 Nf6 3. Bf4 c6 4. e3 Bf5 5. h4 e6 6. Bd3 Bxd3 7. cxd3 Bd6 8. Be5 Qe7 9. f4 Nfd7 10. Nf3 f6 11. Bxd6 Qxd6 12. Qe2 Na6 13. g4 O-O-O 14. O-O-O Kb8 15. g5 c5 16. Kb1 Rc8 17. Rc1 e5 18.
fxe5 fxe5 19. Qh2 cxd4 20. exd4 Ka8 21. dxe5 Qe6 22. Rhe1 Nac5 23. Qd2 Nb6 24. Nd4 Qg4 25. Ncb5 a6 26. Qa5 Nbd7 27. e6 Ne5 28. Nc7+ Rxc7 29. Qxc7 Nexd3 30. e7 Qxd4 31. e8=Q+ Ka7 32. Qcb8+ Kb6 33.
Re6+ Ka5 34. Qc7+ 1-0

[Event "*** Titled Tuesday Blitz"]
[Site "Chess.com"]
[Date "2021.04.06"]
[Round "10"]
[White "Zhigalko_Sergei"]
[Black "marianokar"]
[Result "1-0"]
[WhiteElo "2894"]
[BlackElo "2562"]
[TimeControl "180+1"]
[EndTime "11:55:47 PDT"]
[Termination "Zhigalko_Sergei won by resignation"]

1. e4 c5 2. Nf3 e6 3. c3 Nf6 4. e5 Nd5 5. Bc4 d6 6. d4 cxd4 7. cxd4 Bd7 8. O-O Bc6 9. Nbd2 Nd7 10. Re1 Be7 11. Ne4 dxe5 12. dxe5 O-O 13. a3 Nc5 14. Nxc5 Bxc5 15. Ng5 Nb6 16. Bd3 h6 17. Bh7+ Kh8 18. Qh5 Qe8 19. b4 Bd4 20. Ra2 f6 21. Bg6 fxg5 22. Bxe8 Bxe8 23. Qg4 Bc3 24. Bd2 Bxd2 25. Rxd2 Rf5 26. h4 Bc6 27. Red1 Nd5 28. Rxd5 Bxd5 29.
Rxd5 1-0

[Event "*** Titled Tuesday Blitz"]
[Site "Chess.com"]
[Date "2021.04.06"]
[Round "10"]
[White "AlexTriapishko"]
[Black "jefferyx"]
[Result "1/2-1/2"]
[WhiteElo "2830"]
[BlackElo "2974"]
[TimeControl "180+1"]
[EndTime "11:55:49 PDT"]
[Termination "Game drawn by repetition"]

1. Nf3 g6 2. g3 Bg7 3. d4 d6 4. Bg2 Nc6 5. O-O Bd7 6. c4 Qc8 7. Nc3 Bh3 8. d5 Ne5 9. Nxe5 Bxe5 10. e4 h5 11. f4 Bxc3 12. bxc3 h4 13. f5 Bxg2 14. Kxg2 hxg3 15. hxg3 Nf6 16. Bg5 Nxe4 17. Qd4 Rh5 18. Qxe4 Rxg5 19. Rh1 gxf5 20. Rh8+ Kd7 21. Rxc8 Rxc8 22. Qe3 Rg6 23. Rf1 e6 24. Rh1 e5 25.
Rh7 Ke7 26. Kf2 b6 27. Qf3 Rcg8 28. a4 Rg5 29. Rh5 a5 30. Rxg5 Rxg5 31. Qh1 Rg4 32.
Qf1 f4 33. Qh3 fxg3+ 34. Kg2 Rxc4 35. Qxg3 Rxa4 36. Qg5+ Ke8 37. Qg8+ Ke7 38. Qg5+ Ke8 39. Qg8+ Ke7 40. Qg5+ 1/2-1/2

[Event "*** Titled Tuesday Blitz"]
[Site "Chess.com"]
[Date "2021.04.06"]
[Round "10"]
[White "moro182"]
[Black "nochewycandy"]
[Result "1-0"]
[WhiteElo "2741"]
[BlackElo "2612"]
[TimeControl "180+1"]
[EndTime "11:55:51 PDT"]
[Termination "moro182 won by resignation"]

1. d4 g6 2. e4 Bg7 3. Nc3 d6 4. Be3 a6 5. g4 b5 6. Bg2 Bb7 7.
h4 h6 8. Nge2 Nf6 9. Ng3 Nbd7 10. g5 hxg5 11. hxg5 Rxh1+ 12. Bxh1 Nh7 13. a4 b4 14. Nd5 c5 15. dxc5 dxc5 16. Bf4 Be5 17. Bxe5 Nxe5 18. f4 Nc4 19. b3 Bxd5 20. Qxd5 Qxd5 21. exd5 Nd6 22. O-O-O f6 23. gxf6 exf6 24. Ne4 Nxe4 25. Bxe4 f5 26. Bf3 O-O-O 27. Re1 Rd6 28.
Re8+ Kd7 29. Rg8 Nf6 30. Rg7+ Ke8 31. Rxg6 Kf7 32. Rh6 Kg7 33. Rh1 Ne4 34. Bxe4 fxe4 35. Rh5 Rf6 36. Kd2 Rxf4 37. Ke3 Rf1 38. Kxe4 Kf6 39.
Rh6+ Ke7 40. Rxa6 Rc1 41. Kd3 Kd7 42. a5 Rd1+ 43. Kc4 Rd2 44. Kxc5 Rxc2+ 45. Kxb4 Rd2 46. d6 Rd4+ 47. Ka3 Rxd6 48. Rxd6+ Kxd6 49. Kb4 1-0

[Event "*** Titled Tuesday Blitz"]
[Site "Chess.com"]
[Date "2021.04.06"]
[Round "10"]
[White "maximych26"]
[Black "TeukkaSalama"]
[Result "1-0"]
[WhiteElo "2277"]
[BlackElo "2361"]
[TimeControl "180+1"]
[EndTime "11:55:51 PDT"]
[Termination "maximych26 won on time"]

1. e4 e5 2. Nf3 Nc6 3. Bc4 Nf6 4. d3 Be7 5. O-O O-O 6. c3 d6 7. h3 Na5 8. Bb5 a6 9. Ba4 b5 10. Bc2 c5 11. a4 Bb7 12. Re1 Nc6 13.
Nbd2 Re8 14. Nf1 Bf8 15. Ne3 g6 16. Bb3 h6 17. Nd5 Bg7 18. Nh2 Nxd5 19. Bxd5 Qc7 20. Qf3 Rf8 21. Ng4 Kh7 22. Nf6+ Bxf6 23. Qxf6 Qd8 24.
Qf3 Rb8 25. axb5 axb5 26. Qe3 Qh4 27. Kh2 Ne7 28. Bb3 g5 29. Bd1 Qf4+ 30. g3 Qxe3 31. fxe3 f5 32. exf5 Rxf5 33. e4 Rf2+ 34. Kg1 Rbf8 35.
Ra7 Bc8 36. Rxe7+ Kh8 37. g4 h5 38. Be2 hxg4 39. hxg4 R2f6 40. Kg2 Rh6 41. Bxg5 Rg6 42.
Rh1+ Kg8 43. Rh5 Bb7 44. Rxb7 Rg7 45. Rxg7+ Kxg7 46. Bh6+ 1-0

[Event "*** Titled Tuesday Blitz"]
[Site "Chess.com"]
[Date "2021.04.06"]
[Round "10"]
[White "Zmof"]
[Black "c_r_e_e_p_e_r"]
[Result "0-1"]
[WhiteElo "2214"]
[BlackElo "2358"]
[TimeControl "180+1"]
[EndTime "11:55:52 PDT"]
[Termination "c_r_e_e_p_e_r won by resignation"]

1. e4 c5 2. Nf3 e6 3. c3 Nf6 4. e5 Nd5 5. d4 cxd4 6. cxd4 d6 7.
Bc4 Nc6 8. O-O Be7 9. Bd2 O-O 10. Nc3 Nxc3 11. Bxc3 dxe5 12. dxe5 Qxd1 13. Rfxd1 Rd8 14. Rxd8+ Nxd8 15. Rd1 Nc6 16. Kf1 Kf8 17. Ke2 Ke8 18. a3 Bd7 19. b4 Rc8 20. Kd3 f6 21. Bb3 f5 22. h4 h6 23. h5 Nd8 24. Nd4 a5 25.
bxa5 Bxa3 26. f4 Bc5 27. Ra1 Ke7 28. a6 b5 29. Ra5 Bb6 30. Ra2 Ra8 31. g3 Bc5 32.
Ra5 Bxd4 33. Bxd4 Nc6 34. Ra2 Nb4+ 35. Kc3 Nxa2+ 36. Bxa2 Rxa6 37. Bc5+ Kf7 38. Bb3 Ra1 39. g4 g6 40. hxg6+ Kxg6 41. gxf5+ Kxf5 42. Bc2+ Kxf4 0-1

[Event "*** Titled Tuesday Blitz"]
[Site "Chess.com"]
[Date "2021.04.06"]
[Round "10"]
[White "Didici"]
[Black "yobdc"]
[Result "1-0"]
[WhiteElo "2667"]
[BlackElo "2523"]
[TimeControl "180+1"]
[EndTime "11:55:53 PDT"]
[Termination "Didici won on time"]

1. d4 d5 2. c4 c6 3. Nc3 Nf6 4. Nf3 e6 5. g3 dxc4 6. Bg2 Nbd7 7. O-O Be7 8. e4 O-O 9. Bf4 b5 10. d5 exd5 11. exd5 Nxd5 12. Nxd5 cxd5 13. Qxd5 Nb6 14. Qxd8 Rxd8 15. Ne5 Be6 16. Nc6 Bf6 17. Nxd8 Rxd8 18. Rad1 Rxd1 19. Rxd1 g5 20. Bc1 Na4 21. Rd2 b4 22.
Bd5 c3 23. bxc3 bxc3 24. Rd1 Bf5 25. Bb3 Nb2 26. Rd5 Be6 27. Rd6 Bxb3 28. axb3 Kg7 29.
Kf1 g4 30. Ke2 h5 31. Ra6 1-0

[Event "*** Titled Tuesday Blitz"]
[Site "Chess.com"]
[Date "2021.04.06"]
[Round "10"]
[White "noblerone"]
[Black "Stormeman100100"]
[Result "0-1"]
[WhiteElo "2395"]
[BlackElo "2527"]
[TimeControl "180+1"]
[EndTime "11:55:53 PDT"]
[Termination "Stormeman100100 won by resignation"]

1. d4 d5 2. Nf3 Nf6 3. Bg5 Ne4 4. Bf4 c5 5. e3 Nc6 6. c3 Bf5 7. Nbd2 e6 8. Qb3 Qb6 9. Nxe4 Qxb3 10. axb3 Bxe4 11. Bb5 Bxf3 12. gxf3 Kd7 13. Rg1 g6 14. Be5 Rg8 15. Bf6 a6 16. Bd3 cxd4 17. exd4 Be7 18. Bxe7 Nxe7 19. b4 Nc8 20. Kd2 Nd6 21. f4 Ke7 22.
Ke3 Kf6 23. Rg5 h6 24. Rgg1 Rh8 25. Rg2 Rag8 26. Rag1 Rg7 27. h4 h5 28. Ra1 Rc8 29. Rg5 Rgg8 30. Rgg1 Rc7 31. Ra5 Re8 32. Raa1 Nf5+ 33.
Bxf5 exf5+ 34. Kd2 Re4 35. Rh1 Rxf4 36. Rh2 Re7 37.
Rf1 Ree4 38. f3 Rxh4 39. Rg2 Re6 40. Ra1 b5 41. Rf1 Rf4 42. Rgf2 g5 43. Kd3 g4 44. fxg4 Rxf2 45. g5+ Kxg5 46. Rxf2 f4 47. Rg2+ Kf5 48. Rg7 Re7 49. Rh7 f3 50. Rxh5+ Kg4 51. Rh1 f2 0-1

[Event "*** Titled Tuesday Blitz"]
[Site "Chess.com"]
[Date "2021.04.06"]
[Round "10"]
[White "Isajevsky_Anton"]
[Black "azikom"]
[Result "0-1"]
[WhiteElo "2574"]
[BlackElo "2700"]
[TimeControl "180+1"]
[EndTime "11:55:54 PDT"]
[Termination "azikom won by resignation"]

1. c4 e6 2. Nf3 d5 3. e3 Nf6 4. Nc3 c5 5. cxd5 exd5 6. d4 Nc6 7. Bb5 Bd6 8. dxc5 Bxc5 9. O-O O-O 10. b3 Bg4 11.
Bxc6 bxc6 12. Bb2 Bd6 13. Ne2 Ne4 14. Rc1 Qc7 15. Ng3 f6 16. Qc2 Bxf3 17. gxf3 Ng5 18.
Kg2 Qd7 19. Qf5 Qb7 20. Rfd1 Rfe8 21. Qg4 Kh8 22. Nf5 Bf8 23. h4 Nf7 24. h5 Ne5 25. Qg3 Qd7 26. Nd4 Rac8 27. f4 Nf7 28. Qh3 Qb7 29. Kh2 c5 30. Nf5 d4 31. exd4 Re2 0-1

[Event "*** Titled Tuesday Blitz"]
[Site "Chess.com"]
[Date "2021.04.06"]
[Round "10"]
[White "ural58"]
[Black "vlad_Sid"]
[Result "0-1"]
[WhiteElo "2492"]
[BlackElo "2616"]
[TimeControl "180+1"]
[EndTime "11:55:54 PDT"]
[Termination "vlad_Sid won on time"]

1. e4 c6 2. Nc3 d5 3. Nf3 dxe4 4. Nxe4 Nf6 5. Qe2 Nxe4 6. Qxe4 Qa5 7. Bc4 Bf5 8. Qf4 e6 9. O-O Nd7 10. d3 Be7 11. Bd2 Qd8 12. Bc3 Bf6 13. Bb4 a5 14.
Bd6 b5 15. Rfe1 Be7 16. Nd4 Bxd6 17. Qxd6 bxc4 18. Nxf5 Qf6 19. Nd4 e5 20. Qxc6 Qxc6 21. Nxc6 f6 22. d4 Ra6 23. d5 Nb6 24. Rad1 Kf7 25. d6 Nd7 26. Ne7 Ke6 27. Nd5 Rxd6 28. Nf4+ Ke7 29. Rxd6 Kxd6 30. Rd1+ Kc6 31. Ne6 g6 32. f4 Rb8 33. b3 Re8 34. f5 Re7 35. bxc4 gxf5 0-1

[Event "*** Titled Tuesday Blitz"]
[Site "Chess.com"]
[Date "2021.04.06"]
[Round "10"]
[White "MusicCityMaster"]
[Black "WinOrTilt"]
[Result "1-0"]
[WhiteElo "2390"]
[BlackElo "2221"]
[TimeControl "180+1"]
[EndTime "11:55:54 PDT"]
[Termination "MusicCityMaster won by checkmate"]

1. e4 e6 2. d4 d5 3. Nc3 dxe4 4. Nxe4 Nd7 5. Nf3 Ngf6 6. Ng3 Be7 7. Bd3 b6 8. O-O Bb7 9. c4 O-O 10. Bd2 c5 11. Bc3 cxd4 12. Nxd4 Nc5 13. Bc2 Nce4 14. Nxe4 Bxe4 15. Re1 Bxc2 16. Qxc2 Rc8 17. b3 a6 18. Rad1 Qc7 19. Rd3 Rfd8 20. Rh3 Qc5 21. Nf3 g6 22. Qb2 Ne8 23. Qc1 h5 24. Qh6 Bf6 25.
Bxf6 Nxf6 26. Qf4 Qf5 27. Qe3 Rd6 28. Ne5 Rcd8 29. Rf3 Qc2 30. Rxf6 Rd1 31. Nf3 Rxe1+ 32. Nxe1 Rd1 33. Kf1 Qb1 34. Rf4 Qxa2 35. Rd4 Rb1 36. Rd8+ Kh7 37. Qe5 g5 38. Rh8+ Kg6 39. Rg8+ Kh7 40.
Qg7# 1-0